AoeStats
← CanineSphinx22

Black Forest

509897369Analyzed
4v4 RM · 2d ago on Sep 28, 2026· 52m 55s· 8 players
Game mode
Random Map
Map size
Large (8 player)
Population
200
Speed
Normal
Resources
Standard
Victory
Conquest
Starting age
Dark Age
Ending age
Imperial Age
RankedLock teamsTeams togetherTeam positionsShared explorationLock speedFull tech treeHidden civsTurbo modeCheats
Victory
Defeat
🇫🇷 Khmer · France
799
+16
🇫🇷 Bohemians · France
747
+18
🇹🇷 Burgundians · Türkiye
718
+19
🇹🇷 Franks · Türkiye
700
+20
🇨🇳 Vietnamese · China
822
-20
🇨🇳 Shu · China
819
-19
🇵🇪 Franks · Peru
806
-19
🇨🇴 Gurjaras · Colombia
702
-15
CanineSphinx22
0:28 Loom
13:29 Feudal Age
14:00 Horse Collar
14:08 Double-Bit Axe
24:07 Castle Age
25:04 Bow Saw
24:58 Caravan
25:03 Heavy Plow
31:13 Chemistry
30:09 Murder Holes
35:40 Imperial Age
33:49 Wheelbarrow
33:00 Town Watch
33:23 Padded Archer Armor
33:24 Scale Mail Armor
33:47 Ballistics
35:03 Masonry
35:04 Fortified Wall
35:12 Leather Archer Armor
35:08 Forging
34:49 Fletching
35:03 Pikeman
35:44 Squires
36:51 Hand Cart
37:20 Architecture
37:51 Conscription
38:45 Two-Man Saw
37:50 Town Patrol
38:30 Elite Hussite Wagon
38:42 Houfnice
41:15 Siege Engineers
41:08 Bodkin Arrow
41:49 Iron Casting
41:51 Chain Mail Armor
42:07 Ring Archer Armor
45:47 Bracer
46:47 Blast Furnace
46:17 Plate Mail Armor
45:53 Scale Barding Armor
46:11 Bombard Tower
Corona
1:42 Loom
12:25 Feudal Age
13:00 Horse Collar
16:44 Castle Age
14:51 Double-Bit Axe
17:16 Wheelbarrow
18:49 Heavy Plow
19:53 Bow Saw
20:45 Fervor
24:32 Hand Cart
30:14 Imperial Age
27:29 Town Watch
28:24 Gold Mining
28:26 Stone Mining
29:42 Gold Shaft Mining
29:44 Stone Shaft Mining
31:16 Husbandry
31:27 Bloodlines
30:38 Light Cavalry
32:08 Crop Rotation
32:59 Chemistry
32:54 Scale Barding Armor
33:00 Forging
32:24 Elite Ballista Elephant
33:05 Double Crossbow
33:56 Conscription
34:05 Chain Barding Armor
34:21 Iron Casting
34:22 Coinage
33:53 Caravan
33:17 Hussar
34:20 Siege Engineers
37:09 Plate Barding Armor
37:35 Blast Furnace
36:38 Scale Mail Armor
37:02 Ballistics
37:28 Banking
Mea
3:15 Loom
12:06 Feudal Age
11:03 Double-Bit Axe
15:20 Horse Collar
18:31 Castle Age
17:03 Gold Mining
18:13 Wheelbarrow
17:42 Heavy Plow
18:07 Bow Saw
20:16 Caravan
23:46 Husbandry
25:04 Squires
24:31 Cavalier
25:42 Crop Rotation
25:04 Stone Mining
27:27 Hand Cart
32:16 Imperial Age
31:40 Burgundian Vineyards
33:25 Two-Man Saw
32:27 Paladin
33:20 Masonry
32:51 Treadmill Crane
33:33 Ballistics
34:19 Chemistry
33:24 Murder Holes
33:54 Conscription
34:50 Scale Barding Armor
34:56 Forging
34:36 Fletching
34:46 Padded Archer Armor
35:03 Onager
38:33 Architecture
37:26 Light Cavalry
40:49 Gold Shaft Mining
42:01 Hoardings
43:04 Hussar
mulgezen
0:31 Loom
13:31 Feudal Age
15:20 Wheelbarrow
14:34 Double-Bit Axe
14:51 Gold Mining
15:05 Stone Mining
25:18 Castle Age
27:18 Hand Cart
27:19 Bow Saw
28:13 Gold Shaft Mining
27:43 Caravan
28:06 Husbandry
27:27 Light Cavalry
28:53 Forging
28:49 Scale Barding Armor
34:04 Imperial Age
33:41 Masonry
33:43 Fortified Wall
35:45 Iron Casting
35:31 Chain Barding Armor
35:40 Cavalier
37:46 Architecture
37:13 Town Watch
38:13 Conscription
37:55 Chivalry
40:46 Paladin
44:18 Town Patrol
45:58 Hoardings
47:18 Blast Furnace
46:54 Plate Barding Armor
Dafeendi89
13:04 Feudal Age
14:55 Wheelbarrow
14:02 Horse Collar
14:11 Double-Bit Axe
14:18 Stone Mining
14:22 Gold Mining
14:45 Town Watch
15:03 Loom
20:41 Castle Age
20:44 Bloodlines
21:15 Scale Barding Armor
22:24 Forging
23:23 Heavy Plow
23:35 Bow Saw
25:01 Husbandry
25:42 Stone Shaft Mining
26:11 Guard Tower
27:08 Fishing Lines
28:28 Ballistics
29:15 Caravan
30:25 Hand Cart
35:30 Imperial Age
34:16 Kshatriyas
36:50 Gold Shaft Mining
37:47 Conscription
37:29 Elite Chakram Thrower
37:55 Heavy Camel Rider
39:56 Elite Shrivamsha Rider
44:32 Heavy Scorpion
47:32 Onager
47:33 Siege Elephant
hikary1404
0:29 Loom
13:48 Feudal Age
16:19 Fishing Lines
21:58 Double-Bit Axe
26:40 Castle Age
25:14 Stone Mining
25:44 Forging
25:35 Padded Archer Armor
25:25 Fletching
25:55 Gold Mining
27:18 Gillnets
30:23 Bow Saw
30:13 Murder Holes
30:54 Fortified Wall
31:10 Treadmill Crane
31:44 Caravan
32:45 Wheelbarrow
32:29 Masonry
35:37 Imperial Age
33:05 Town Watch
34:15 Ballistics
34:57 Scale Mail Armor
36:14 Husbandry
36:55 Town Patrol
38:06 Chemistry
38:30 Architecture
38:25 Cavalier
39:46 Chivalry
40:34 Scale Barding Armor
44:26 Paladin
48:12 Hoardings
GMTY0712
1:34 Loom
14:57 Feudal Age
16:55 Double-Bit Axe
16:51 Horse Collar
24:58 Castle Age
22:59 Fletching
27:33 Heavy Plow
28:01 Bow Saw
33:01 Herbal Medicine
39:09 Imperial Age
36:35 Pikeman
37:16 Squires
39:11 Squires
39:15 Coiled Serpent Array
40:35 Wheelbarrow
39:45 Town Watch
39:52 Halberdier
39:55 Crossbowman
40:40 Thumb Ring
41:02 Ballistics
40:23 Treadmill Crane
42:21 Hand Cart
42:06 Town Patrol
43:12 Arbalester
44:48 Bodkin Arrow
44:53 Padded Archer Armor
45:20 Bolt Magazine
45:45 Conscription
46:50 Chemistry
45:56 Siege Engineers
46:01 Masonry
45:47 Murder Holes
46:03 Fortified Wall
45:48 Guard Tower
45:51 Arson
46:10 Bracer
46:25 Leather Archer Armor
46:11 Scale Mail Armor
46:22 Forging
49:05 Gambesons
49:39 Chain Mail Armor
49:54 Ring Archer Armor
49:32 Onager
51:07 Man-at-Arms
52:26 Hoardings
51:14 Elite White Feather Guard
Llllll
0:31 Loom
11:07 Feudal Age
11:38 Double-Bit Axe
14:51 Gold Mining
17:40 Wheelbarrow
20:07 Castle Age
18:00 Stone Mining
17:52 Horse Collar
20:06 Fletching
20:17 Padded Archer Armor
21:41 Fishing Lines
28:56 Bow Saw
28:51 Bodkin Arrow
29:11 Leather Archer Armor
28:57 Scale Mail Armor
29:29 Hand Cart
29:00 Town Watch
30:07 Gillnets
30:43 Forging
30:57 Heavy Plow
31:42 Sanctity
31:50 Devotion
34:48 Imperial Age
34:35 Pikeman
35:15 Squires
35:29 Thumb Ring
35:50 Ballistics
36:30 Chemistry
36:09 Iron Casting
35:49 Chain Mail Armor
36:05 Ring Archer Armor
35:35 Bracer
35:41 Scale Barding Armor
35:10 Halberdier
36:26 Crop Rotation
36:35 Stone Shaft Mining
35:46 Treadmill Crane
38:18 Two-Man Saw
36:54 Elite Rattan Archer
38:28 Paper Money
41:18 Siege Engineers
41:49 Plate Mail Armor
45:52 Elite Battle Elephant
46:36 Chatras
46:39 Husbandry
46:50 Bloodlines
51:56 Chain Barding Armor
Connection lost

Rejoining the realm…

Still unreachable

The connection could not be restored.

Session expired

The server has moved on; the page needs a fresh start.